 Dungeon Crawl Stone Soup version 0.22.0-5-gf09313c8f9 (webtiles) character file.

79 RKane the Firebug (level 4, -5/30 HPs)
             Began as a Vampire Fire Elementalist on Aug 13, 2018.
             Slain by a worker ant (8 damage)
             ... on level 2 of the Dungeon.
             The game lasted 00:07:34 (3278 turns).

RKane the Firebug (Vampire Fire Elementalist)       Turns: 3278, Time: 00:07:35

Health: -5/30      AC:  2    Str:  7    XL:     4   Next: 16%
Magic:  1/7        EV: 13    Int: 23    God:
Gold:   94         SH:  0    Dex: 14    Spells: 4/7 levels left

rFire    . . .     SeeInvis +   a - +0 hunting sling
rCold    . . .     Gourm    .   (no shield)
rNeg     + . .     Faith    .   n - +0 robe
rPois    .         Spirit   .   (no helmet)
rElec    .         Reflect  .   (no cloak)
rCorr    .         Harm     .   (no gloves)
MR       .....                  (no boots)
Stlth    ++........             (no amulet)
HPRegen  0.10/turn              (no ring)
MPRegen  0.10/turn              (no ring)

@: brilliant, lethally poisoned (-5 -> -9)
A: fangs 3, see invisible, unbreathing
a: Bat Form


You were on level 2 of the Dungeon.
You were not thirsty.

You visited 1 branch of the dungeon, and saw 2 of its levels.

You collected 94 gold pieces.

Inventory:

Hand Weapons
 a - a +0 hunting sling (weapon)
   (You found it on level 2 of the Dungeon)
 l - a cursed -3 whip
   (You took it off a kobold on level 2 of the Dungeon)
Missiles
 d - 7 sling bullets (quivered)
 s - 37 stones
Armour
 j - a +0 ring mail
   (You found it on level 2 of the Dungeon)
 n - a +0 robe (worn)
Jewellery
 e - an uncursed amulet of magic regeneration {unknown}
   (You found it on level 1 of the Dungeon)
 p - an uncursed ring of protection from magic {unknown}
   (You found it on level 2 of the Dungeon)
Scrolls
 b - 2 scrolls of fear {unknown}
 f - a scroll of magic mapping {unknown}
 g - a scroll of remove curse {unknown}
 i - a scroll of fog {unknown}
 o - a scroll of blinking {unknown}
Potions
 c - a potion of curing {unknown}
 h - a potion of brilliance
 k - a potion of flight {unknown}
 m - a potion of heal wounds {unknown}
 q - 5 potions of blood {@q1}
 r - 2 potions of degeneration {unknown}


   Skills:
 + Level 2.8 Dodging
 - Level 3.0 Stealth
 + Level 2.4 Spellcasting
 * Level 1.7 Conjurations
 * Level 3.1 Fire Magic


You had 4 spell levels left.
You knew the following spells:

 Your Spells              Type           Power        Failure   Level  Hunger
a - Flame Tongue          Conj/Fire      ####.        1%          1    None
b - Throw Flame           Conj/Fire      ####..       1%          2    ##.....

Your spell library contained the following spells:

 Spells                   Type           Power        Failure   Level  Hunger
 Fireball                 Conj/Fire      ####......   13%         5    ######.
 Conjure Flame            Conj/Fire      ####....     1%          3    ###....
 Sticky Flame             Conj/Fire      ####....     5%          4    ####...
 Inner Flame              Hex/Fire       ###.....     2%          3    ###....


Dungeon Overview and Level Annotations

Branches:
Dungeon (2/15)

Altars:
Sif Muna
Wu Jian


Innate Abilities, Weirdness & Mutations

You have razor-sharp teeth.
You have supernaturally acute eyesight. (SInv)
You can survive without breathing.


Message History

Aim: a dart slug (almost dead, clinging)
You shoot a sling bullet. The sling bullet hits the dart slug.
You kill the dart slug!
You start resting.
Your magical contamination has completely faded away.
You start resting.
d - 5 sling bullets (gained 1)
d - 7 sling bullets (gained 2)
You see here a short sword.
s - 35 stones (gained 2)
s - 37 stones (gained 2)
You now have 94 gold pieces (gained 17).
You bottle the corpse's blood.
q - 6 potions of blood {@q1} (gained 1)
d - 8 sling bullets (gained 1)
d - 10 sling bullets (gained 2)
Found a stone staircase leading up.
d - 11 sling bullets (gained 1)
Found a stone staircase leading down.
A worker ant comes into view.
Firing (i - inventory. (/) - cycle)
d - 11 sling bullets (quivered)
Press: ? - help, Shift-Dir - straight line, f - worker ant
Aim: a worker ant (resting)
You shoot a sling bullet. The sling bullet hits the worker ant.
Casting: Flame Tongue (safe; 6% risk of failure)
Confirm with . or Enter, or press ? or * to list all spells.
Aiming: Flame Tongue (safe; 6% risk of failure)
Press: ? - help, Shift-Dir - straight line, f/p - worker ant
Aim: a worker ant (lightly wounded)
The flame tongue misses the worker ant.
The worker ant bites you.
Casting: Flame Tongue (safe; 6% risk of failure)
Confirm with . or Enter, or press ? or * to list all spells.
Aiming: Flame Tongue (safe; 6% risk of failure)
Press: ? - help, Shift-Dir - straight line, f/p - worker ant
Aim: a worker ant (lightly wounded)
The flame tongue misses the worker ant.
The worker ant bites you.
Casting: Flame Tongue (safe; 6% risk of failure)
Confirm with . or Enter, or press ? or * to list all spells.
Aiming: Flame Tongue (safe; 6% risk of failure)
Press: ? - help, Shift-Dir - straight line, f/p - worker ant
Aim: a worker ant (lightly wounded)
The flame tongue hits the worker ant.
The worker ant barely misses you. The worker ant closely misses you.
Casting: Flame Tongue (safe; 6% risk of failure)
Confirm with . or Enter, or press ? or * to list all spells.
Aiming: Flame Tongue (safe; 6% risk of failure)
Press: ? - help, Shift-Dir - straight line, f/p - worker ant
Aim: a worker ant (moderately wounded)
The flame tongue hits the worker ant.
The worker ant appears unharmed.
The worker ant bites you.
You are poisoned.
The worker ant poisons you!
Casting: Flame Tongue (safe; 6% risk of failure)
Confirm with . or Enter, or press ? or * to list all spells.
Aiming: Flame Tongue (safe; 6% risk of failure)
Press: ? - help, Shift-Dir - straight line, f/p - worker ant
Aim: a worker ant (moderately wounded)
The flame tongue hits the worker ant.
You feel sick. The worker ant barely misses you.
Casting: Flame Tongue (safe; 6% risk of failure)
Confirm with . or Enter, or press ? or * to list all spells.
Aiming: Flame Tongue (safe; 6% risk of failure)
Press: ? - help, Shift-Dir - straight line, f/p - worker ant
Aim: a worker ant (moderately wounded)
The flame tongue hits the worker ant.
The worker ant appears unharmed.
You are feeling thirsty.
You feel sick. The worker ant closely misses you.
Casting: Flame Tongue (safe; 6% risk of failure)
Confirm with . or Enter, or press ? or * to list all spells.
Aiming: Flame Tongue (safe; 6% risk of failure)
Press: ? - help, Shift-Dir - straight line, f/p - worker ant
Aim: a worker ant (moderately wounded)
The flame tongue hits the worker ant.
The worker ant bites you.
Firing (i - inventory. (/) - cycle)
d - 10 sling bullets (quivered)
Press: ? - help, Shift-Dir - straight line, f/p - worker ant
Aim: a worker ant (almost dead)
You shoot a sling bullet.
The sling bullet closely misses the worker ant.
You feel sick. The worker ant barely misses you. The worker ant bites you.
Firing (i - inventory. (/) - cycle)
d - 9 sling bullets (quivered)
Press: ? - help, Shift-Dir - straight line, f/p - worker ant
Aim: a worker ant (almost dead)
You shoot a sling bullet.
The sling bullet hits the worker ant but does no damage.
You feel sick. The worker ant bites you!
* * * LOW HITPOINT WARNING * * *
Yummy - fresh blood!
The worker ant bites you.
* * * LOW HITPOINT WARNING * * *
Firing (i - inventory. (/) - cycle)
d - 8 sling bullets (quivered)
Press: ? - help, Shift-Dir - straight line, f/p - worker ant
Aim: a worker ant (almost dead)
You shoot a sling bullet.
The sling bullet hits the worker ant but does no damage.
You feel sick. The worker ant bites you.
* * * LOW HITPOINT WARNING * * *
The worker ant barely misses you.
It was a potion of brilliance.
You feel clever all of a sudden. The worker ant bites you!
You die...

###########
##.........#
#..@.......#
#.a#######.##
#.( #..# #..
##.# #.. #.#
#.. #.# #?.
#.## #!. #..#
##.#


You could see a worker ant.

Vanquished Creatures
  4 adders (D:2)
  3 dart slugs
  2 leopard geckos (D:2)
  A giant cockroach (D:1)
  8 hobgoblins
  A quokka (D:2)
  2 ball pythons (D:1)
  A bat (D:2)
  2 frilled lizards (D:2)
  5 goblins
  4 kobolds
  4 rats
37 creatures vanquished.

Notes
Turn   | Place    | Note
-------+----------+-------------------------------------------
     0 | D:1      | RKane the Vampire Fire Elementalist began the quest for the Orb.
     0 | D:1      | Reached XP level 1. HP: 13/13 MP: 3/3
   604 | D:1      | Reached skill level 1 in Conjurations
   604 | D:1      | Reached XP level 2. HP: 16/19 MP: 3/5
   652 | D:1      | Learned a level 2 spell: Throw Flame
  1114 | D:2      | HP: 2/19 [adder (3)]
  1121 | D:2      | HP: 2/19 [adder (1)]
  1541 | D:2      | HP: 4/19 [hobgoblin/club (4)]
  1974 | D:2      | Reached XP level 3. HP: 18/24 MP: 3/6
  2295 | D:2      | Found a deep blue altar of Sif Muna.
  2523 | D:2      | Reached skill level 3 in Fire Magic
  3016 | D:2      | Found an ornate altar of the Wu Jian Council.
  3115 | D:2      | Reached XP level 4. HP: 26/30 MP: 3/7
  3277 | D:2      | HP: 7/30 [poisoned by a worker ant]
  3277 | D:2      | HP: 3/30 [worker ant (4)]
  3278 | D:2      | Slain by a worker ant

Skill      XL: |  1  2  3 |
---------------+----------+-----
Conjurations   | 1 |  1.7
Fire Magic     | 3 |  3.1
Dodging        | |  2.8
Stealth        | |  3.0
Spellcasting   | |  2.4

Action                   |  1- 3 |  4- 6 || total
-------------------------+-------+-------++-------
 Fire: Hunting sling     |    21 |     9 ||    30
Throw: Stone             |     8 |       ||     8
 Cast: Flame Tongue      |    71 |    12 ||    83
  Use: Potion            |     7 |     2 ||     9
Armor: Robe              |     5 |       ||     5
Dodge: Dodged            |    32 |    10 ||    42

Table legend:
 A = Turns spent in this place as a percentage of turns spent in the entire game.
 B = Non-inter-level travel turns spent in this place as a percentage of non-inter-level travel turns spent in the entire game.
 C = Inter-level travel turns spent in this place as a percentage of turns spent in this place.
 D = Turns resting spent in this place as a percentage of non-inter-level travel turns spent in this place.
 E = Turns spent auto-exploring this place as a percentage of non-inter-level travel turns spent in this place.
 F = Non-inter-level travel turns spent in this place divided by the number of levels of this place that you've seen.
                   A       B       C       D       E      F
               +-------+-------+-------+-------+-------+----------------------
         Total | 100.0 | 100.0 |   3.8 |  43.4 |  40.1 | 1576.5
       Dungeon | 100.0 | 100.0 |   3.8 |  43.4 |  40.1 | 1576.5
               +-------+-------+-------+-------+-------+----------------------

Table legend:
 A = Kills in this place as a percentage of kills in entire the game.
 B = Kills by you in this place as a percentage of kills by you in the entire game.
 C = Kills by friends in this place as a percentage of kills by friends in the entire game.
 D = Other kills in this place as a percentage of other kills in the entire game.
 E = Experience gained in this place as a percentage of experience gained in the entire game.
 F = Experience gained in this place divided by the number of levels of this place that you have seen.
                   A       B       C       D       E      F
               +-------+-------+-------+-------+-------+----------------------
         Total | 100.0 | 100.0 |   N/A |   N/A | 100.0 |  56.5
       Dungeon | 100.0 | 100.0 |   N/A |   N/A | 100.0 |  56.5
               +-------+-------+-------+-------+-------+----------------------
